 Dungeon Crawl Stone Soup version 0.21.1-1-g345015f (webtiles) character file.

67 inc the Insei (level 4, -6/32 HPs)
             Began as a Merfolk Transmuter on June 18, 2018.
             Killed from afar by Ijyb (9 damage)
             ... with a wand of flame (14)
             ... on level 3 of the Dungeon.
             The game lasted 00:02:15 (2103 turns).

inc the Insei (Merfolk Transmuter)                  Turns: 2103, Time: 00:02:16

Health: -6/32      AC:  6    Str: 10    XL:     4   Next: 18%
Magic:  6/7        EV: 11    Int: 13    God:
Gold:   90         SH:  0    Dex: 14    Spells: 6/7 levels left

rFire    . . .     SeeInvis .     - Unarmed
rCold    . . .     Gourm    .   (no shield)
rNeg     . . .     Faith    .   o - +0 ring mail
rPois    .         Spirit   .   (no helmet)
rElec    .         Reflect  .   (no cloak)
rCorr    .         Harm     .   (no gloves)
MR       .....                  q - +0 pair of boots (curse)
Stlth    +.........             (no amulet)
HPRegen  0.10/turn              (no ring)
MPRegen  0.10/turn              (no ring)

@: appendage (expiring)
A: change form in water, swift swim, stealthy swim, horns 2
a: End Transformation


You were on level 3 of the Dungeon.
You were hungry.
You had grown temporary horns.
You visited 1 branch of the dungeon, and saw 3 of its levels.

You collected 90 gold pieces.

Inventory:

Missiles
 a - 12 arrows
Armour
 b - a +0 robe
 o - a +0 ring mail (worn)
 q - a cursed +0 pair of boots (worn)
Jewellery
 l - a +4 ring of protection {unknown}
Scrolls
 g - a scroll of magic mapping {unknown}
 i - 3 scrolls of identify {unknown}
 j - a scroll of fear {unknown}
 m - a scroll of enchant weapon {unknown}
 p - a scroll of teleportation {unknown}
Potions
 e - a potion of cancellation {unknown}
 f - 2 potions of heal wounds {unknown}
 h - a potion of might {unknown}
 k - a potion of degeneration {unknown}
 n - a potion of haste {unknown}
 s - a potion of magic {unknown}
Books
 c - a book of Changes

   Spells                             Type                      Level
   a - Beastly Appendage              Transmutation                1
   b - Sticks to Snakes               Transmutation                2
   c - Spider Form                    Transmutation/Poison         3
   d - Ice Form                       Ice/Transmutation            4
   e - Blade Hands                    Transmutation                5
Comestibles
 d - 6 rations


   Skills:
 - Level 1.1 Fighting
 - Level 2.6 Dodging
 + Level 5.4 Unarmed Combat
 - Level 2.0 Spellcasting
 - Level 2.6 Transmutations


You had 6 spell levels left.
You knew the following spells:

 Your Spells              Type           Power        Failure   Level  Hunger
a - Beastly Appendage     Tmut           #.....       22%         1    ##.....


Dungeon Overview and Level Annotations

Branches:
Dungeon (3/15)

Altars:
Vehumet

Annotations:
D:3 Ijyb


Innate Abilities, Weirdness & Mutations

You revert to your normal form in water.
You are very nimble and swift while swimming.
You are very stealthy in the water. (Stealth+)
You have a pair of horns on your head.


Message History

Ijyb hits you with a dagger.
Casting: Beastly Appendage
Confirm with . or Enter, or press ? or * to list all spells.
You grow a pair of large bovine horns.
Ijyb closely misses you.
Unknown command.
You punch Ijyb! Your headbutt misses Ijyb.
Ijyb is heavily wounded.
Ijyb zaps a wand.
The puff of flame hits you!
You hit Ijyb.
Ijyb is severely wounded.
Ijyb closely misses you.
You hit Ijyb but do no damage.
Ijyb is severely wounded.
Ijyb zaps a wand.
The puff of flame hits you!
* * * LOW HITPOINT WARNING * * *
You hit Ijyb but do no damage.
Ijyb is severely wounded.
Your transformation is almost over.
Ijyb zaps a wand.
The puff of flame hits you!
You die...

## ..# ..
.#########
......hg.#
...#####@# #.###
# #...########
###.........
#.........
#†........
#######.########
.........#
...#####.#


You could see Ijyb and a jackal.

Vanquished Creatures
  2 adders
  3 dart slugs
  2 leopard geckos (D:2)
  An orc (D:3)
  A ball python (D:1)
  5 bats
  4 goblins
  7 hobgoblins
  9 kobolds
  6 rats
40 creatures vanquished.

Notes
Turn   | Place    | Note
-------+----------+-------------------------------------------
     0 | D:1      | inc the Merfolk Transmuter began the quest for the Orb.
     0 | D:1      | Reached XP level 1. HP: 15/15 MP: 3/3
   116 | D:1      | Reached XP level 2. HP: 13/21 MP: 5/5
   232 | D:1      | Reached skill level 4 in Unarmed Combat
   733 | D:1      | Reached XP level 3. HP: 26/26 MP: 6/6
  1078 | D:2      | Reached skill level 5 in Unarmed Combat
  1284 | D:2      | Found a radiant altar of Vehumet.
  1753 | D:3      | Reached XP level 4. HP: 16/32 MP: 7/7
  2078 | D:3      | Noticed Ijyb
  2103 | D:3      | Killed from afar by Ijyb

Skill      XL: |  1  2  3 |
---------------+----------+-----
Unarmed Combat | 4 5 |  5.4
Fighting       | |  1.1
Dodging        | |  2.6
Spellcasting   | |  2.0
Transmutations | |  2.6

Action                   |  1- 3 |  4- 6 || total
-------------------------+-------+-------++-------
Melee: Unarmed           |   139 |    31 ||   170
       Punch             |       |     1 ||     1
 Cast: Beastly Appendage |       |     1 ||     1
 Stab: Sleeping          |     1 |       ||     1
  Eat: Chunk             |     3 |       ||     3
Armor: Robe              |    18 |       ||    18
       Ring mail         |    18 |     8 ||    26
Dodge: Dodged            |   124 |    21 ||   145
